 Dungeon Crawl Stone Soup version 0.23-b1-13-gf37ab262a9 (webtiles) character file.

Game seed: 5534852489542629673

385 Oravi the Slasher (level 6, 0/52 HPs)
             Began as a Naga Warper on Feb 2, 2019.
             Killed from afar by Sigmund (6 damage)
             ... with a puff of flame
             ... on level 4 of the Dungeon.
             The game lasted 00:18:10 (3498 turns).

Oravi the Slasher (Naga Warper)                     Turns: 3498, Time: 00:18:11

Health: 0/52       AC:  7    Str: 13    XL:     6   Next: 77%
Magic:  6/9        EV: 10    Int: 16    God:
Gold:   152        SH:  4    Dex: 10    Spells: 5/9 levels left

rFire    . . .     SeeInvis +   a - +1 falchion
rCold    . . .     Gourm    .   q - +0 buckler
rNeg     . . .     Faith    .   t - +0 animal skin
rPois    +         Spirit   .   w - +0 helmet
rElec    .         Reflect  .   (no cloak)
rCorr    .         Harm     .   u - +2 pair of gloves
MR       .....                  (no barding)
Stlth    +.........             (no amulet)
HPRegen  0.17/turn              i - ring of wizardry
MPRegen  0.11/turn              (no ring)

@: very slow
A: large, see invisible, deformed body, poison resistance, slowness 2, slow
metabolism 1, spit poison 1, AC +2
a: Spit Poison


You were on level 4 of the Dungeon.
You were not hungry.

You visited 1 branch of the dungeon, and saw 4 of its levels.

You collected 152 gold pieces.

Inventory:

Hand Weapons
 a - a +1 falchion (weapon)
 b - a +0 hunting sling
 m - a +0 spear
Missiles
 c - 42 poisoned needles
 e - 5 tomahawks of dispersal (quivered)
 g - 42 arrows
 n - 105 stones
Armour
 j - a +0 leather armour
 k - a +0 pair of gloves
 q - a +0 buckler (worn)
 t - a +0 animal skin (worn)
 u - a +2 pair of gloves (worn)
 w - a +0 helmet (worn)
Jewellery
 i - a ring of wizardry (left hand)
Scrolls
 d - a scroll of blinking
 h - a scroll of teleportation
 l - a scroll of noise
 v - a scroll of random uselessness
 z - a scroll of identify {@r1}
Potions
 r - a potion of flight
Comestibles
 f - 5 rations
 x - 2 chunks of flesh


   Skills:
 - Level 2.0 Fighting
 + Level 6.1 Long Blades
 - Level 0.8 Throwing
 - Level 0.7 Armour
 - Level 1.5 Dodging
 - Level 2.4 Shields
 - Level 2.0 Spellcasting
 - Level 3.0 Translocations


You had 5 spell levels left.
You knew the following spells:

 Your Spells              Type           Power        Failure   Level  Hunger
a - Blink                 Tloc           N/A          3%          2    ###....
b - Shroud of Golubria    Chrm/Tloc      #.........   7%          2    ###....

Your spell library contained the following spells:

 Spells                   Type           Power        Failure   Level  Hunger
 Gell's Gravitas          Tloc           ##........   8%          3    ###....
 Lesser Beckoning         Tloc           ##........   8%          3    ###....
 Teleport Other           Tloc           ##......     8%          3    ###....
 Passage of Golubria      Tloc           N/A          24%         4    #####..


Dungeon Overview and Level Annotations

Branches:
Dungeon (4/15)
 Temple: D:4-7

Altars:
Ashenzari
Xom

Annotations:
D:4 Sigmund


Innate Abilities, Weirdness & Mutations

You cannot wear boots.
Your serpentine skin is tough. (AC +2)
You have supernaturally acute eyesight. (SInv)
Armour fits poorly on your strangely shaped body.
Your system is resistant to poisons. (rPois)
You cover ground very slowly.
You have a slow metabolism.
You can spit poison.


Message History

You block Sigmund's attack.
Okay, then.
Casting: Shroud of Golubria (safe; 7% risk of failure)
You blink.
Found a stone staircase leading down.
Casting: Blink (safe; 3% risk of failure)
You blink.
Sigmund casts a spell at you. The puff of flame hits you.
* * * LOW HITPOINT WARNING * * *
Aim: Sigmund, wielding a +0 scythe and wearing a +0 robe (severely wounded, slightly transparent)
The splash of poison hits Sigmund but does no damage.
Sigmund is severely wounded.
You feel slightly more hungry.
You have got your breath back.
Sigmund points at you and mumbles some strange words.
The puff of flame misses you. Sigmund casts a spell at you.
The puff of flame hits you.
You die...

,* *,***********,,,,,* *,, ,*
*,,,,**,,,,,,,***,* *,, ,*
***,***,******* *,* *,, ,* *,,,,,*
*,****, ,* ******* *,,,,,, ,*
***#,*, ,* #.*, ,*
###################*###**.## ,*
#......@...@.......,..,,,,..
,***##.##################.#****#.
......>...(ยง.@.........##.######.
######################.#.......#.
#.#..#*#.... #....# #..#.
##...###..#. #........#.
#.#.###....


You could see Sigmund (invisible).

Vanquished Creatures
  A howler monkey (D:4)
  A hound (D:4)
  4 worker ants (D:4)
  Natasha (D:2)
  Robin (D:4)
  A howler monkey skeleton (D:4)
  6 adders
  2 oozes
  5 worms
  3 dart slugs
  3 leopard geckos
  An orc (D:3)
  5 giant cockroaches
  9 goblins
  10 hobgoblins
  2 jackals (D:4)
  4 quokkas
  18 bats
  3 frilled lizards
  9 kobolds
  A quokka skeleton (D:4)
  11 rats
101 creatures vanquished.

Notes
Turn   | Place    | Note
-------+----------+-------------------------------------------
     0 | D:1      | Oravi the Naga Warper began the quest for the Orb.
     0 | D:1      | Reached XP level 1. HP: 19/19 MP: 3/3
    99 | D:1      | Reached XP level 2. HP: 13/26 MP: 5/5
   103 | D:1      | Learned a level 2 spell: Blink
   106 | D:1      | Learned a level 2 spell: Shroud of Golubria
   321 | D:1      | Reached skill level 3 in Long Blades
   469 | D:1      | Reached XP level 3. HP: 30/32 MP: 6/6
   943 | D:2      | Reached skill level 4 in Long Blades
  1306 | D:2      | Reached XP level 4. HP: 38/39 MP: 7/7
  1604 | D:2      | Found a shimmering altar of Xom.
  1606 | D:2      | Found a deep blue altar of Sif Muna.
  1606 | D:2      | Found a hazy altar of Hepliaklqana.
  1608 | D:2      | Found a hide-covered altar of Uskayaw.
  1608 | D:2      | Found a basalt altar of Yredelemnul.
  1608 | D:2      | Found a hide-covered altar of Uskayaw.
  1609 | D:2      | Noticed Natasha
  1616 | D:2      | Killed Natasha
  1616 | D:2      | Reached skill level 5 in Long Blades
  1784 | D:2      | Found a shattered altar of Ashenzari.
  1814 | D:2      | Reached XP level 5. HP: 45/45 MP: 8/8
  2372 | D:3      | Reached skill level 1 in Shields
  2790 | D:4      | Noticed Robin
  2810 | D:4      | Reached XP level 6. HP: 14/52 MP: 2/9
  2821 | D:4      | Killed Robin
  3357 | D:4      | Reached skill level 6 in Long Blades
  3463 | D:4      | Noticed Sigmund
  3498 | D:4      | Killed from afar by Sigmund

Skill      XL: |  1  2  3  4  5  6 |
---------------+-------------------+-----
Long Blades    | 3 4 5 6 |  6.1
Shields        | 2 |  2.4
Fighting       | |  2.0
Throwing       | |  0.8
Armour         | |  0.7
Dodging        | |  1.5
Spellcasting   | |  2.0
Translocations | |  3.0

Action                   |  1- 3 |  4- 6 || total
-------------------------+-------+-------++-------
Melee: Falchion          |   104 |   152 ||   256
 Fire: Hunting sling     |       |   157 ||   157
 Cast: Shroud of Golubri |       |     3 ||     3
       Blink             |       |     2 ||     2
 Abil: Spit Poison       |     8 |    14 ||    22
  Use: Potion            |     1 |     1 ||     2
       Scroll            |       |    10 ||    10
  Eat: Chunk             |     1 |     7 ||     8
Armor: Leather armour    |    43 |    66 ||   109
       Animal skin       |       |     9 ||     9
Dodge: Dodged            |    59 |   123 ||   182
Block: Buckler           |       |    33 ||    33
       Rpst.: Falchion   |    25 |    21 ||    46
